 Dungeon Crawl Stone Soup version 0.21.1-1-g345015fe64 (webtiles) character file.

713 Loge the Ruffian (level 7, -17/71 HPs)
             Began as a Troll Monk on July 18, 2018.
             Demolished by an ogre
             ... wielding a +0 giant spiked club
              (30 damage)
             ... on level 6 of the Dungeon.
             The game lasted 00:05:59 (3496 turns).

Loge the Ruffian (Troll Monk)                       Turns: 3496, Time: 00:06:00

Health: -17/71     AC:  5    Str: 20    XL:     7   Next: 41%
Magic:  6/6        EV: 10    Int:  6    God:
Gold:   252        SH:  0    Dex: 14    Spells: 6/6 levels left

rFire    . . .     SeeInvis .     - Unarmed
rCold    . . .     Gourm    +   (no shield)
rNeg     . . .     Faith    .   x - +0 robe (curse)
rPois    .         Spirit   .   (helmet restricted)
rElec    .         Reflect  .   (no cloak)
rCorr    .         Harm     .   (gloves unavailable)
MR       .....                  (boots unavailable)
Stlth    ++........             (no amulet)
HPRegen  0.61/turn              (no ring)
MPRegen  0.10/turn              (no ring)

@: no status effects
A: large, unfitting armour, claws 3, fast metabolism 3, gourmand, regeneration
1, shaggy fur 1, tough skin 2
a: no special abilities


You were on level 6 of the Dungeon.
You were full.

You visited 1 branch of the dungeon, and saw 6 of its levels.

You collected 252 gold pieces.

Inventory:

Missiles
 e - 225 stones (quivered)
 j - 3 javelins
 p - 11 poisoned needles
Armour
 x - a cursed +0 robe (worn)
Jewellery
 a - an uncursed ring of fire {unknown}
 f - a +2 ring of intelligence {unknown}
 l - the ring "Fetseafi" {rPois rF- rN+ MP+9 Str+5, unknown}
   (You found it on level 4 of the Dungeon)

   [ring of positive energy]

   It affects your strength (+5).
   It makes you vulnerable to fire.
   It protects you from poison.
   It protects you from negative energy.
   It affects your magic capacity (+9).
Wands
 t - a wand of flame (17)
Scrolls
 d - 7 scrolls of identify {unknown}
 g - 7 scrolls of remove curse {unknown}
 h - a scroll of random uselessness {unknown}
 n - 3 scrolls of blinking {unknown}
 u - a scroll of immolation {unknown}
 v - 2 scrolls of fog {unknown}
Potions
 c - 3 potions of heal wounds {unknown}
 i - a potion of agility {unknown}
 k - 2 potions of might
 m - a potion of haste {unknown}
 o - 2 potions of lignification {unknown}
 q - a potion of cancellation {unknown}
 s - a potion of curing {unknown}
 w - a potion of ambrosia {unknown}
Books
 r - a book of Callings

   Spells                             Type                      Level
   a - Summon Small Mammal            Summoning                    1
   b - Call Imp                       Summoning                    2
   c - Call Canine Familiar           Summoning                    3
   d - Summon Guardian Golem          Hexes/Summoning              3
   e - Summon Lightning Spire         Summoning/Air                4
   f - Summon Ice Beast               Ice/Summoning                4
Comestibles
 b - 7 rations


   Skills:
 + Level 4.5 Fighting
 - Level 2.4 Dodging
 - Level 1.0 Stealth
 * Level 7.4 Unarmed Combat


You had 6 spell levels left.
You didn't know any spells.

Dungeon Overview and Level Annotations

Branches:
Dungeon (6/15)
 Temple: D:4-7

Altars:
Dithmenos
Gozag
Okawaru

Shops:
D:5 ?


Innate Abilities, Weirdness & Mutations

You are too large for most types of armour.
You have claws for hands.
Your metabolism is lightning-fast.
You like to eat raw meat.
Your natural rate of healing is unusually fast.
You are covered in fur. (AC +1)
You have very tough skin. (AC +2)


Message History

The bullfrog hits you but does no damage.
You closely miss the bullfrog.
The bullfrog is heavily wounded.
The bullfrog hits you.
The ogre hits you with a giant spiked club!
* * * LOW HITPOINT WARNING * * *
The bullfrog hits you.
* * * LOW HITPOINT WARNING * * *
The bullfrog hits you but does no damage.
You claw the bullfrog!
You kill the bullfrog!
You closely miss the quokka. The quokka bites you.
* * * LOW HITPOINT WARNING * * *
You claw the quokka!
You kill the quokka!
Okay, then.
You scratch the ogre. Your claw misses the ogre.
The ogre is lightly wounded.
The ogre hits you with a giant spiked club!!
You die...

####..........##..##..
#.........#..###...# .
#####.......## ##.....
#.....### ##.##
#.....### .#
#.......##### .
#######.....#
###############.####
#....@O...#####....##.
#########.............
###########.## r.. ...
... ... ###


You could see an ogre.

Vanquished Creatures
  A phantom (D:5)
  A centaur (D:5)
  Blork the orc (D:4)
  2 bullfrogs (D:6)
  A water moccasin skeleton (D:5)
  A bullfrog zombie (D:6)
  A hound (D:5)
  A centaur skeleton (D:3)
  Natasha (D:4)
  A worker ant (D:4)
  Robin (D:2)
  3 gnolls (D:4)
  5 adders
  An adder zombie (D:5)
  2 worms
  2 dart slugs
  3 orcs (D:3)
  3 giant cockroaches
  11 hobgoblins
  3 jackals (D:1)
  5 quokkas
  A ball python (D:3)
  7 bats
  8 frilled lizards
  9 goblins
  7 kobolds
82 creatures vanquished.

Notes
Turn   | Place    | Note
-------+----------+-------------------------------------------
     0 | D:1      | Loge the Troll Monk began the quest for the Orb.
     0 | D:1      | Reached XP level 1. HP: 22/22 MP: 0/0
   279 | D:1      | Reached XP level 2. HP: 29/29 MP: 1/1
   806 | D:2      | Noticed Robin
   815 | D:2      | Killed Robin
   815 | D:2      | Reached skill level 4 in Unarmed Combat
   815 | D:2      | Reached XP level 3. HP: 30/36 MP: 2/2
  1612 | D:3      | Reached XP level 4. HP: 42/45 MP: 3/3
  2027 | D:4      | Got a wavering silver ring
  2052 | D:4      | Noticed Blork the orc
  2061 | D:4      | Killed Blork the orc
  2061 | D:4      | Reached skill level 5 in Unarmed Combat
  2061 | D:4      | Reached XP level 5. HP: 31/53 MP: 4/4
  2135 | D:4      | Found a shadowy altar of Dithmenos.
  2295 | D:4      | Found an opulent altar of Gozag.
  2525 | D:4      | Found an iron altar of Okawaru.
  2527 | D:4      | Noticed Natasha
  2533 | D:4      | Killed Natasha
  2535 | D:4      | Reached XP level 6. HP: 49/62 MP: 5/5
  2647 | D:5      | Entered Level 5 of the Dungeon
  2676 | D:5      | Reached skill level 6 in Unarmed Combat
  3227 | D:5      | Found Cetuoteq's Magic Scroll Emporium.
  3256 | D:5      | Reached XP level 7. HP: 60/71 MP: 6/6
  3441 | D:6      | Reached skill level 7 in Unarmed Combat
  3496 | D:6      | Demolished by an ogre

Skill      XL: |  1  2  3  4  5  6  7 |
---------------+----------------------+-----
Unarmed Combat | 4 5 6 7 |  7.4
Fighting       | 3 4 |  4.5
Dodging        | |  2.4
Stealth        | |  1.0

Action                   |  1- 3 |  4- 6 |  7- 9 || total
-------------------------+-------+-------+-------++-------
Melee: Unarmed           |   110 |    99 |    13 ||   222
       Punch             |     2 |     1 |     1 ||     4
 Stab: Sleeping          |     2 |     1 |       ||     3
  Eat: Chunk             |    20 |    14 |       ||    34
Armor: Robe              |    56 |    22 |     3 ||    81
Dodge: Dodged            |    78 |    38 |     5 ||   121
